 Dungeon Crawl Stone Soup version 0.30-a0-576-g89cddaab80 (webtiles) character file.

Game seed: 70723298476917630

30423 arthad the Eye of the Storm (level 13, -30/94 HPs)
             Began as a Djinni Hedge Wizard on Dec 31, 2022.
             Was a Priest of Qazlal.
             Hit by a large rock thrown by a stone giant (47 damage)
             ... on level 15 of the Dungeon.
             The game lasted 00:58:31 (18202 turns).

arthad the Eye of the Storm (Djinni Hedge Wizard)  Turns: 18202, Time: 00:58:31

Health: -30/94     AC: 21    Str: 14    XL:     13   Next: 88%
Gold:   704        EV: 13    Int: 27    God:    Qazlal [***...] SH: 15 Dex: 13

rFire   + + +      SeeInvis .    o - +7 rapier of Vocigu {freeze, rPois rF+ rN+ Int+2}
rCold   + . .      Faith    .    M - +1 buckler {rPois}
rNeg    + . .      Spirit   .    m - +1 storm dragon scales
rPois   ∞          Reflect  +    c - +2 helmet "Diutt" {rC+ Str+3}
rElec   +          Harm     .    u - +0 cloak
rCorr   +          Rampage  .    F - +0 pair of gloves
Will    .....                    (boots unavailable) Stlth
                                 E - amulet of reflection
HPRegen 0.35/turn                l - +5 ring of evasion
MPRegen 0.00/turn                b - ring of Xom's Best Wishes {rPois rC+ Will- rCorr Int+6}

@: flying, studying 2 skills
A: sickness immunity, fire resistance 2, cold vulnerability 1, float, innate
caster, HP casting, extra vitality 1, mutation resistance 1
a: Renounce Religion, Upheaval, Elemental Force


You were on level 15 of the Dungeon.
You worshipped Qazlal.
Qazlal was most pleased with you.
You visited 1 branch of the dungeon, and saw 15 of its levels.
You also visited: Gauntlet.

You collected 1010 gold pieces.
You spent 306 gold pieces at shops.

Inventory:

Hand Weapons
 a - a +0 war axe of draining
 o - the +7 rapier of Vocigu (weapon) {freeze, rPois rF+ rN+ Int+2}
   (You found it on level 2 of the Dungeon)

   It freezes those it strikes, dealing additional cold damage.
   It can also slow down cold-blooded creatures.
   Int:       It affects your intelligence (+2).
   rF:        It protects you from fire.
   rPois:     It protects you from poison.
   rN:        It protects you from negative energy.
 v - the +6 spear "Gal Ceti" {venom, rF+ MP+9}
   (You found it on level 3 of the Dungeon)

   It poisons the flesh of those it strikes.
   rF:        It protects you from fire.
   MP:        It affects your magic capacity (+9).
 U - the +6 falchion of Starshine {flame, rC+}
   (You bought it in a shop on level 14 of the Dungeon)

   It burns those it strikes, dealing additional fire damage.
   Big, fiery blades are also staple armaments of hydra-hunters.
   rC:        It protects you from cold.
Missiles
 k - 9 silver javelins
 y - 28 poisoned darts
Armour
 c - the +2 helmet "Diutt" (worn) {rC+ Str+3}
   (You found it in a Gauntlet)

   Str:       It affects your strength (+3).
   rC:        It protects you from cold.
 m - +1 storm dragon scales (worn)
 u - a +0 cloak (worn)
 D - +0 acid dragon scales
 F - a +0 pair of gloves (worn)
 I - the +3 leather armour of Makhleb's Hope {Str+3}
   (You found it on level 10 of the Dungeon)

   Str:       It affects your strength (+3).
 J - the +3 ring mail of the Hall of Blades {Int+2 Stlth+}
   (You found it on level 7 of the Dungeon)

   Int:       It affects your intelligence (+2).
   Stlth:     It makes you more stealthy.
 M - a +1 buckler of poison resistance (worn)
 N - +0 gold dragon scales
 Z - the +0 helmet "Raffeih" {Rampage rC+}
   (You found it in a Gauntlet)

   rC:        It protects you from cold.
   Rampage:   It bestows one free step when moving towards enemies.
Magical Staves
 R - a staff of cold
 V - a staff of air
 W - a staff of poison
Jewellery
 b - the ring of Xom's Best Wishes (right hand) {rPois rC+ Will- rCorr Int+6}
   (You found it in a Gauntlet)

   [ring of intelligence]

   Int:       It affects your intelligence (+6).
   rC:        It protects you from cold.
   rPois:     It protects you from poison.
   rCorr:     It protects you from acid and corrosion.
   Will:      It decreases your willpower.
 j - a +4 ring of protection
 l - a +5 ring of evasion (left hand)
 t - a ring of ice
 A - a ring of positive energy
 E - an amulet of reflection (around neck)
 O - the ring of Surprise {Fire rN+}
   (You took it off a minotaur in a Gauntlet)

   [ring of fire]

   It enhances your fire magic.
   rF:        It protects you from fire.
   rC:        It makes you vulnerable to cold.
   rN:        It protects you from negative energy.
Wands
 h - a wand of roots (7)
 x - a wand of paralysis (3)
 B - a wand of flame (19)
 H - a wand of polymorph (15)
 K - a wand of light (12)
Scrolls
 e - 5 scrolls of enchant armour
 i - 3 scrolls of enchant weapon
 n - 4 scrolls of immolation
 r - 2 scrolls of fog
 z - 2 scrolls of poison
 C - a scroll of teleportation
 L - 2 scrolls of amnesia
 Q - a scroll of vulnerability
Potions
 d - 3 potions of magic
 f - 3 potions of lignification
 g - 4 potions of attraction
 p - 2 potions of mutation
 q - a potion of brilliance
 s - 3 potions of flight
 w - a potion of ambrosia
 G - a potion of curing
 P - a potion of haste {unknown}
 T - a potion of resistance
 X - a potion of cancellation
Miscellaneous
 S - a phantom mirror


   Skills:
 * Level 9.4 Fighting
 * Level 8.5 Short Blades
 * Level 10.0 Armour
 + Level 5.6 Dodging
 - Level 1.8 Stealth
 - Level 5.8 Shields
 * Level 10.6 Spellcasting
 * Level 11.9 Invocations
 + Level 0.6 Evocations


You had 3 spell levels left.
You knew the following spells:

 Your Spells              Type           Power      Damage    Failure   Level
a - Magic Dart            Conj           100%       1d8       1%          1
b - Slow                  Hex            100%       N/A       1%          1
c - Blink                 Tloc           100%       N/A       1%          2
d - Call Imp              Summ           64%        N/A       1%          2
e - Cigotuvi's Dreadful   Necr/Pois/Air  100%       N/A       1%          2
f - Mephitic Cloud        Conj/Pois/Air  64%        N/A       2%          3
g - Foxfire               Conj/Fire      100%       2x1d9     1%          1
h - Ensorcelled Hibernat  Hex/Ice        100%       N/A       1%          2
i - Passwall              Tmut/Erth      53%        N/A       1%          2
j - Iskenderun's Mystic   Conj/Tloc      64%        2d13      9%          4
k - Iskenderun's Battles  Conj           64%        2d11      26%         5
l - Yara's Violent Unrav  Hex/Tmut       32%        3d13      26%         5
Your spell library was empty.

Dungeon Overview and Level Annotations

Branches:
Dungeon (15/15)            Temple (0/1) D:7            Lair (0/5) D:8
    Orc (0/2) D:9          Vaults (0/5) D:14         Depths (0/4) D:15
Gauntlet (visited)

Altars:
Dithmenos
Gozag
Qazlal
Uskayaw
Xom
Yredelemnul

Shops:
D:1 !   D:6 (   D:14 (

Annotations:
D:5 2 transporters, Squincus's ghost, amateur GrEE
D:6 3 runed translucent doors, GiantSquids's ghost, amateur OpTm
D:8 1 runed translucent door, pdpol's ghost, novice OpTm
D:14 Roxanne


Innate Abilities, Weirdness & Mutations

You are immune to sickness and miasma.
You are immune to poison.
Your flesh is very heat resistant. (rF++)
You are vulnerable to cold. (rC-)
You float through the air rather than walking.
You learn spells naturally, not from books.
Your magical power is your life essence.
You have superior vitality. (+4 MHP)
You are somewhat resistant to further mutation.


Message History

You hit the tengu warrior. You freeze the tengu warrior.
The tengu warrior is almost dead.
The stone giant misses you.
You puncture the tengu warrior! You freeze the tengu warrior.
You kill the tengu warrior!
Qazlal accepts your kill. The stone giant hits you!
You hit the stone giant but do no damage.
The stone giant is moderately wounded.
You block the stone giant's attack.
You completely miss the stone giant.
The stone giant is moderately wounded.
The stone giant hits you!!
You are too injured to fight recklessly!
You hit the stone giant. You freeze the stone giant.
The stone giant is moderately wounded.
The stone giant hits you.
You hit the stone giant but do no damage.
The stone giant is moderately wounded.
You hit the stone giant but do no damage.
The stone giant is moderately wounded.
The stone giant barely misses you.
You hit the stone giant. You freeze the stone giant.
The stone giant is heavily wounded.
The stone giant hits you but does no damage.
You puncture the stone giant! You freeze the stone giant.
The stone giant is heavily wounded.
You block the stone giant's attack.
You puncture the stone giant! You freeze the stone giant.
The stone giant is severely wounded.
The stone giant misses you.
You hit the stone giant but do no damage.
The stone giant is severely wounded.
The stone giant hits you!!
* * * LOW HITPOINT WARNING * * *
Okay, then.
You feel better. You block the stone giant's attack.
The stone giant throws a large rock.
The large rock hits you!!!
Ouch! That really hurt!
You die...

####...***************.......,,,,
*,..* ######.......,,,, *,,.*
#............,,,, *,,,*
#............,,,, ############
#...<÷.......,,,, #.§).....≈≈#
#............,,,, #'###≈≈≈#.≈#
#............,,,,
#C,,#.....)######............,,,,
#.>,#..≈##.'.∩C.@............,,,,
#.,,#......#....☼............,,,,
#'**#≈≈≈#.≈################..****
#.,......≈≈# *,,*
############***************,,*
,,,,,,,,,,,,,,,,,,,,,,,,,,,,,****
,,,,,,,,,,,,,,,,,,,,,,,,,,,,,,,,,
,,,,,,,,,,,,,,,,,,,,,,,,,,,,,,,,,
,,,,,,,,,,,,,,,,,,,,,,,,,,,,,,,**


You could see a stone giant.

Vanquished Creatures
  A minotaur (Gauntlet)
  An entropy weaver (shapeshifter) (D:15)
  3 hydras
  2 boulder beetles
  A centaur warrior (D:14)
  2 dancing weapons (D:14)
  6 two-headed ogres
  3 tengu warriors
  5 ugly things
  2 manticores
  A cyclops (D:14)
  A gargoyle (D:13)
  A kobold demonologist (D:12)
  5 unseen horrors
  A freezing wraith (D:14)
  A komodo dragon (D:12)
  A tengu conjurer (D:13)
  A troll (D:9)
  3 meliai (Gauntlet)
  3 slime creatures (D:12)
  Grinder (D:5)
  A hornet (D:8)
  A jumping spider (shapeshifter) (D:13)
  A culicivora (shapeshifter) (D:14)
  2 water elementals (D:14)
  5 wraiths
  3 vampires
  2 wyverns
  25 yaks
  An unseen horror simulacrum (D:9)
  4 vampire mosquitoes (D:14)
  A warg (shapeshifter) (D:12)
  3 wargs
  2 water moccasins (D:6)
  4 acid dragons
  Duvessa (D:5)
  2 sky beasts (D:6)
  An orc warrior (D:6)
  2 centaurs
  3 ogres
  A kobold brigand (D:9)
  2 phantoms
  4 bullfrogs
  A necrophage (D:5)
  2 scorpions
  2 gnoll sergeants (D:9)
  13 wights
  Dowan (D:5)
  3 killer bees (D:6)
  3 howler monkeys
  A gnoll bouda (D:7)
  4 hounds
  A jelly (D:5)
  9 orc priests
  2 iguanas
  6 orc wizards
  11 gnolls
  5 adders
  4 shadow imps
  A white imp (Gauntlet)
  3 ufetubi
  2 worms (D:2)
  3 dart slugs
  28 orcs
  7 endoplasms
  6 giant cockroaches
  6 goblins
  6 hobgoblins
  10 jackals
  7 quokkas
  8 ball pythons
  8 bats
  4 frilled lizards
  10 kobolds
  4 rats
297 creatures vanquished.

Vanquished Creatures (collateral kills)
  A ghost crab (Gauntlet)
1 creature vanquished.

Vanquished Creatures (others)
  A wizard (Gauntlet)
  3 foxfires (D:8)
  2 plants (D:8)
  15 withered plants (Gauntlet)
21 creatures vanquished.

Grand Total: 319 creatures vanquished

Notes
Turn   | Place    | Note
-------+----------+-------------------------------------------
     0 | D:1      | arthad the Djinni Hedge Wizard began the quest for the Orb.
     0 | D:1      | arthad set off with the following spells memorised: Magic
                  | Dart, Slow, Blink, Call Imp, Cigotuvi's Dreadful Rot,
                  | Mephitic Cloud.
     0 | D:1      | Reached XP level 1. HP: 15/15 MP: 0/0
    26 | D:1      | Found a faded altar of an unknown god.
    59 | D:1      | Prayed at the altar of an unknown god.
    59 | D:1      | Became a worshipper of Qazlal Stormbringer
    59 | D:1      | Reached * piety under Qazlal
   185 | D:1      | Reached XP level 2. HP: 21/22 MP: 0/0
   267 | D:1      | Found Araexzil's Distillery.
   272 | D:1      | Bought a potion of curing for 42 gold pieces
   648 | D:1      | Reached XP level 3. HP: 17/26 MP: 0/0
   648 | D:1      | Learned a level 1 spell: Foxfire
   868 | D:2      | Reached skill level 1 in Fighting
   871 | D:2      | Reached skill level 1 in Invocations
  1300 | D:2      | Identified the +7 rapier of Vocigu {freeze, rPois rF+ rN+
                  | Int+2}
  1324 | D:2      | Reached ** piety under Qazlal
  1430 | D:2      | Reached XP level 4. HP: 32/32 MP: 0/0
  1452 | D:2      | Reached skill level 1 in Armour
  2015 | D:3      | Reached XP level 5. HP: 37/37 MP: 0/0
  2015 | D:3      | Learned a level 2 spell: Ensorcelled Hibernation
  2222 | D:3      | Reached skill level 1 in Short Blades
  2235 | D:3      | Reached skill level 2 in Invocations
  2336 | D:3      | Reached XP level 6. HP: 43/43 MP: 0/0
  2372 | D:3      | Identified the +6 spear "Gal Ceti" {venom, rF+ MP+9}
  2499 | D:3      | Identified the +0 pair of boots "Kycihoul" {Int+6}
  2662 | D:4      | Reached *** piety under Qazlal
  2684 | D:4      | Noticed an ogre
  2692 | D:4      | Killed an ogre
  2890 | D:4      | Found a basalt altar of Yredelemnul.
  3096 | D:4      | Reached XP level 7. HP: 48/49 MP: 0/0
  3096 | D:4      | Learned a level 2 spell: Passwall
  3255 | D:4      | Identified the +0 pair of boots of Grot {rElec Int+2}
  3830 | D:5      | Entered Level 5 of the Dungeon
  3882 | D:5      | Found a transporter.
  3882 | D:5      | Noticed Squincus's ghost (amateur GrEE)
  3883 | D:5      | Noticed a two-headed ogre
  3889 | D:5      | Found a transporter.
  3931 | D:5      | Reached skill level 3 in Invocations
  4127 | D:5      | Reached XP level 8. HP: 56/56 MP: 0/0
  4169 | D:5      | Noticed Dowan
  4170 | D:5      | Noticed Duvessa
  4186 | D:5      | Killed Dowan
  4187 | D:5      | Killed Duvessa
  4429 | D:5      | Noticed Grinder
  4446 | D:5      | Killed Grinder
  4637 | D:6      | Reached skill level 4 in Invocations
  4683 | D:6      | Found a runed translucent gate.
  4703 | D:6      | Reached XP level 9. HP: 60/62 MP: 0/0
  4703 | D:6      | Learned a level 4 spell: Iskenderun's Mystic Blast
  4710 | D:6      | Found a runed translucent gate.
  4715 | D:6      | Found a runed translucent gate.
  4735 | D:6      | Noticed GiantSquids's ghost (amateur OpTm)
  4869 | D:6      | Found Qelinos's Weapon Emporium.
  4874 | D:6      | Reached **** piety under Qazlal
  4953 | D:6      | Killed an unseen horror
  4958 | D:6      | Reached skill level 5 in Armour
  5166 | D:6      | Reached skill level 5 in Spellcasting
  5275 | D:6      | Reached skill level 5 in Invocations
  5290 | D:6      | Reached skill level 5 in Fighting
  6297 | D:7      | Reached XP level 10. HP: 70/70 MP: 0/0
  6459 | D:7      | Found a staircase to the Ecumenical Temple.
  6780 | D:7      | Identified the +3 ring mail of the Hall of Blades {Int+2
                  | Stlth+}
  7204 | D:7      | Reached skill level 5 in Short Blades
  7686 | D:8      | Found a staircase to the Lair.
  7697 | D:8      | Found an opulent altar of Gozag.
  7733 | D:8      | Identified a scroll of acquirement
  7734 | D:8      | Acquired a manual of Invocations
  7964 | D:8      | Reached skill level 6 in Invocations
  8073 | D:8      | Found a runed translucent door.
  8073 | D:8      | Found a shimmering altar of Xom.
  8073 | D:8      | Noticed pdpol's ghost (novice OpTm)
  8073 | D:8      | Noticed a +0 long sword of chaos
  8458 | D:9      | Found a hide-covered altar of Uskayaw.
  8487 | D:9      | Found a staircase to the Orcish Mines.
  8509 | D:9      | Noticed a two-headed ogre
  8725 | D:9      | Killed a two-headed ogre
  8726 | D:9      | Reached skill level 7 in Invocations
  8726 | D:9      | Reached XP level 11. HP: 21/78 MP: 0/0
  8726 | D:9      | Learned a level 5 spell: Iskenderun's Battlesphere
  9219 | D:9      | Noticed a two-headed ogre
  9240 | D:9      | Killed a two-headed ogre
  9262 | D:9      | Reached skill level 8 in Invocations
  9494 | D:9      | Noticed a tengu warrior
  9503 | D:9      | Killed a tengu warrior
  9775 | D:9      | Noticed a two-headed ogre
  9788 | D:9      | Gained mutation: You are robust. (+10% HP) [potion of
                  | mutation]
  9805 | D:9      | Killed a two-headed ogre
  9806 | D:9      | Reached skill level 1 in Shields
 10024 | D:9      | Noticed a manticore
 10036 | D:9      | Killed a manticore
 10326 | D:10     | Entered Level 10 of the Dungeon
 10348 | D:10     | Identified the +3 leather armour of Makhleb's Hope {Str+3}
 10545 | D:10     | Noticed a two-headed ogre
 10552 | D:10     | Killed a two-headed ogre
 10553 | D:10     | Reached skill level 9 in Invocations
 10553 | D:10     | Reached XP level 12. HP: 79/93 MP: 0/0
 10858 | D:10     | Found a shadowy altar of Dithmenos.
 12652 | D:12     | Reached skill level 10 in Invocations
 12833 | D:12     | Noticed a boulder beetle
 12885 | D:12     | Killed a boulder beetle
 13467 | D:13     | Noticed a two-headed ogre
 13682 | D:13     | Noticed a five-headed hydra
 13698 | D:12     | Killed a five-headed hydra
 13950 | D:13     | Noticed a two-headed ogre
 13969 | D:13     | Killed a two-headed ogre
 14299 | D:12     | Reached XP level 13. HP: 84/102 MP: 0/0
 14299 | D:12     | Learned a level 5 spell: Yara's Violent Unravelling
 14924 | D:14     | Noticed a centaur warrior
 14935 | D:14     | Killed a centaur warrior
 15025 | D:14     | Identified Roxanne's Papyrus of Geology
 15025 | D:14     | Noticed Roxanne
 15043 | D:14     | Noticed an eight-headed hydra
 15058 | D:14     | Reached skill level 10 in Spellcasting
 15311 | D:14     | Reached skill level 5 in Dodging
 15344 | D:14     | HP: 2/103 [freezing wraith (10)]
 15355 | D:14     | Reached skill level 5 in Shields
 15674 | D:14     | Reached skill level 11 in Invocations
 15689 | D:14     | Found Coiwug's Antique Weapon Emporium.
 15789 | D:14     | Bought a warped falchion for 264 gold pieces
 15789 | D:14     | Identified the +6 falchion of Starshine {flame, rC+} (You
                  | bought it in a shop on level 14 of the Dungeon)
 15847 | D:14     | HP: 4/103 [cyan ugly thing (4)]
 16447 | D:14     | Found a gate to the Vaults.
 16911 | D:15     | Entered Level 15 of the Dungeon
 16911 | D:15     | Noticed a seven-headed hydra
 16921 | D:15     | Killed a seven-headed hydra
 16963 | D:14     | Killed an eight-headed hydra
 17171 | D:15     | a jumping spider changed into an entropy weaver
 17171 | D:15     | Noticed an entropy weaver (shapeshifter)
 17179 | D:15     | Killed an entropy weaver
 17182 | D:15     | Found a gate leading to a gauntlet.
 17194 | Gauntlet | Entered a Gauntlet
 17194 | Gauntlet | Found a transporter.
 17194 | Gauntlet | Found a transporter.
 17265 | Gauntlet | Found a transporter.
 17265 | Gauntlet | Found a transporter.
 17271 | Gauntlet | Noticed a green death
 17274 | Gauntlet | Found a transporter.
 17281 | Gauntlet | Noticed a great orb of eyes
 17282 | Gauntlet | Found a transporter.
 17290 | Gauntlet | Found a transporter.
 17292 | Gauntlet | Found a transporter.
 17292 | Gauntlet | Found a transporter.
 17298 | Gauntlet | Found a transporter.
 17334 | Gauntlet | Found a transporter.
 17352 | Gauntlet | Found a transporter.
 17359 | Gauntlet | Noticed a ghost crab
 17398 | Gauntlet | Found a transporter.
 17412 | Gauntlet | Found a transporter.
 17515 | Gauntlet | Found a transporter.
 17523 | Gauntlet | Noticed a cacodemon
 17529 | Gauntlet | Found a transporter.
 17724 | Gauntlet | Identified the +0 helmet "Raffeih" {Rampage rC+}
 17763 | Gauntlet | Killed a ghost crab
 17767 | Gauntlet | Identified the +2 helmet "Diutt" {rC+ Str+3}
 17802 | Gauntlet | Lost mutation: You are robust. (+10% HP) [potion of
                  | mutation]
 17802 | Gauntlet | Gained mutation: You sometimes lose your temper in combat.
                  | [potion of mutation]
 17803 | Gauntlet | Lost mutation: You sometimes lose your temper in combat.
                  | [potion of mutation]
 17803 | Gauntlet | Gained mutation: You are somewhat resistant to further
                  | mutation. [potion of mutation]
 17823 | Gauntlet | Identified the ring of Xom's Best Wishes {rPois rC+ Will-
                  | rCorr Int+6}
 17964 | Gauntlet | Identified the ring of Surprise {Fire rN+}
 17964 | Gauntlet | Noticed a minotaur
 17987 | Gauntlet | Killed a minotaur
 18156 | D:15     | Reached skill level 10 in Armour
 18165 | D:15     | Noticed a stone giant
 18202 | D:15     | Hit by a large rock thrown by a stone giant

Illustrated notes

Levels and vault maps discovered:
D:1:      roderic_dead_forest, layout_rooms, serial_shops,
          nicolae_shop_hallway_stairs, dreamdust_ecumenical_altar_grove,
          reono_crystal_passage, minivault_5
D:2:      layout_basic
D:3:      layout_basic, kennysheep_generic_room_13
D:4:      layout_basic, mainiacjoe_overflow_catwalk
D:5:      layout_basic, gammafunk_ghost_arena, uniq_duvessa, uniq_grinder
D:6:      layout_layer_cave, serial_shops, nicolae_shop_bloodbath_and_beyond,
          ebering_ghost_rock_garden, minmay_manual_mail
D:7:      layout_loops_ring, minmay_temple_entry_slanted,
          hangedman_abyss_or_decor_stabs, dk_vineyard_2
D:8:      layout_loops_ring, nicolae_gozag_cash_rules_everything_around_me,
          erik_lair_orcish_takeover, ebering_ghost_xom
D:9:      minmay_ornate_pinched, layout_basic, lemuel_round_altar, orc_0_dummy,
          kennysheep_generic_room_4
D:10:     layout_long_grid, lemuel_tele_altar
D:11:     layout_irregular_city
D:12:     layout_roguey
D:13:     layout_rooms, serial_glass, glass_columns_a, glass_columns_b,
          item_on_display_a, due_unseen_surprise, minmay_strange_pillars
D:14:     kennysheep_big_flooded_room, layout_stronghold, erik_vaults_1,
          minmay_misc_feat_alley, serial_shops, shop, uniq_roxanne
D:15:     grunt_enter_depths_snipers, layout_long_grid, gauntlet_entry_generic,
          minmay_misc_feat_x, zin_angel

Skill      XL: |  1  2  3  4  5  6  7  8  9 10 11 12 13 |
---------------+----------------------------------------+-----
Fighting       | 1 2 3 4 5 6 7 8 9 |  9.4
Invocations    | 1 2 3 4 5 7 9 10 11 | 11.9
Armour         | 1 2 3 4 5 7 8 9 10 | 10.0
Short Blades   | 1 2 3 4 5 6 7 8 |  8.5
Spellcasting   | 3 4 5 7 8 9 10 | 10.6
Dodging        | 3 4 5 |  5.6
Shields        | 2 4 5 |  5.8
Stealth        | |  1.8
Evocations     | |  0.6

Action                   |  1- 3 |  4- 6 |  7- 9 | 10-12 | 13-15 || total
-------------------------+-------+-------+-------+-------+-------++-------
Melee: Dagger            |    51 |       |       |       |       ||    51
       Rapier            |    10 |   111 |   248 |   584 |   289 ||  1242
       Punch             |       |       |     1 |     8 |       ||     9
Throw: Dart              |       |       |    11 |    15 |     1 ||    27
 Cast: Magic Dart        |    86 |       |       |    54 |     5 ||   145
       Call Imp          |     1 |       |       |       |     2 ||     3
       Foxfire           |       |       |       |     2 |       ||     2
       Slow              |       |       |       |     2 |       ||     2
       Ensorcelled Hiber |       |       |       |     6 |     5 ||    11
       Mephitic Cloud    |       |       |       |     1 |       ||     1
Invok: Upheaval          |       |       |     1 |    12 |     5 ||    18
Evoke: Wand              |       |       |       |     6 |     8 ||    14
  Use: Potion            |     2 |     1 |     2 |     9 |     9 ||    23
       Scroll            |       |       |    12 |     8 |     5 ||    25
 Stab: Distracted        |     1 |       |       |       |       ||     1
       Invisible         |       |       |       |     3 |     5 ||     8
       Sleeping          |       |       |       |     1 |     1 ||     2
       Confused          |       |       |       |     1 |       ||     1
Armor: Robe              |     4 |       |       |       |       ||     4
       Skin              |    27 |       |       |       |       ||    27
       Storm dragon scal |     6 |    81 |    93 |   276 |   107 ||   563
Dodge: Dodged            |    48 |    21 |   116 |   207 |    87 ||   479
       Repelled          |       |       |       |     1 |       ||     1
Block: Other             |     6 |    12 |    53 |   183 |       ||   254
       Reflection        |       |       |       |    10 |     7 ||    17
       Buckler           |       |       |       |   158 |   219 ||   377

Table legend: (Time is in decaauts)
 A = Elapsed time spent in this place.
 B = Non-inter-level travel time spent in this place.
 C = Inter-level travel time spent in this place.
 D = Time resting spent in this place.
 E = Time spent auto-exploring this place.
 F = Levels seen in this place.
 G = Mean time per level.
                   A        B        C        D        E       F      G
               +--------+--------+--------+--------+--------+-----+--------+
         Total |  18151 |  17548 |    603 |   4345 |  10116 |  16 | 1134.4 |
       Dungeon |  17219 |  16616 |    603 |   4102 |   9780 |  15 | 1147.9 |
      Gauntlet |    932 |    932 |      0 |    243 |    336 |   1 |  932.0 |
               +--------+--------+--------+--------+--------+-----+--------+

Top non-repeatable levels by time:
    D:14: 2232 daAuts
    D:12: 1964 daAuts
     D:9: 1528 daAuts
     D:8: 1436 daAuts
     D:7: 1387 daAuts
     D:6: 1365 daAuts
     D:4: 1198 daAuts
    D:11: 1141 daAuts
     D:2: 979 daAuts
Gauntlet: 932 daAuts
    D:10: 896 daAuts
     D:1: 865 daAuts
     D:3: 806 daAuts
     D:5: 757 daAuts
    D:13: 558 daAuts
